details: 'bigpoopy'

« prev index next »

General information

Mini Map

Players

team 1
Undeadcarlos92 (yellow | 60 APM | 699 actions | 11:36)
Hero icon 2 Death Knight
Ability icon 1 Death Coil
Ability icon 1 Unholy Aura

» actions
Basic commands1
Build / train34
Enter build submenu10
Enter hero's abilities submenu2
Right click416
Select / deselect203
Use ability33
699 total
» units
Acolyte2
Ghoul4
Crypt Fiend14
Obsidian Statue1
21 total
» upgrades
Creature Attack1
1 total
» buildings
Altar of Darkness1
Crypt1
Ziggurat4
Graveyard1
Tomb of Relics1
Nerubian Tower4
Halls of the Dead1
Slaughterhouse1
14 total
» build order
00:16 Altar of Darkness
00:20 Crypt
00:41 Ziggurat
01:13 Graveyard
01:42 Tomb of Relics
02:00 Ziggurat
02:51 Ziggurat
04:02 Nerubian Tower
05:05 Nerubian Tower
06:21 Ziggurat
06:44 Halls of the Dead
08:31 Nerubian Tower
08:51 Nerubian Tower
10:13 Slaughterhouse
» items
Rod of Necromancy1
Potion of Healing2
Potion of Mana1
4 total
team 2
UndeadMaSiWei (orange | 212 APM | 2467 actions | 11:37)
Hero icon 4 Death Knight
Ability icon 2 Death Coil
Ability icon 2 Unholy Aura
Hero icon 2 Lich
Ability icon 1 Frost Nova
Ability icon 1 Frost Armor

» actions
Assign group hotkey25
Basic commands109
Build / train33
Enter build submenu11
Enter hero's abilities submenu6
Remove unit from queue1
Right click1106
Select / deselect285
Select group hotkey842
Use ability49
2467 total
» units
Acolyte2
Ghoul3
Crypt Fiend6
Obsidian Statue3
14 total
» upgrades
Burrow1
Creature Carapace1
Web1
Creature Attack1
Destroyer Form1
5 total
» buildings
Graveyard1
Crypt1
Altar of Darkness1
Ziggurat4
Tomb of Relics1
Halls of the Dead1
Slaughterhouse1
Black Citadel1
11 total
» build order
00:06 Graveyard
00:18 Crypt
00:42 Altar of Darkness
00:56 Ziggurat
01:16 Tomb of Relics
02:01 Ziggurat
04:05 Halls of the Dead
04:32 Ziggurat
06:12 Ziggurat
06:52 Slaughterhouse
08:30 Black Citadel
» items
Rod of Necromancy2
Potion of Mana1
3 total